 Dungeon Crawl Stone Soup version 0.25-a0-781-gc44aebf4fe (webtiles) character file.

Game seed: 16092622959223228611, levelgen mode: deterministic

377 Maedhros the Sneak (level 6, -4/38 HPs)
             Began as an Octopode Artificer on Apr 15, 2020.
             Was an Initiate of Cheibriados.
             Slain by a goblin
             ... wielding a +0 dagger
             ... led by Robin
              (5 damage)
             ... on level 2 of the Dungeon.
             The game lasted 00:02:17 (2333 turns).

Maedhros the Sneak (Octopode Artificer)             Turns: 2333, Time: 00:02:18

Health: -4/38      AC:  1    Str: 12    XL:     6   Next: 73%
Magic:  8/8        EV: 14    Int: 14    God:    Cheibriados [......]
Gold:   170        SH:  0    Dex: 16    Spells: 1/5 levels left

rFire    . . .     SeeInvis .   a - +0 short sword
rCold    . . .     Gourm    .   (no shield)
rNeg     . . .     Faith    .   (helmet restricted)
rPois    .         Spirit   .   (no amulet)
rElec    .         Reflect  .   (no ring)
rCorr    .         Harm     .   (no ring)
MR       .....                  (no ring)
Stlth    ++++......             (no ring)
HPRegen  0.12/turn              (no ring)
MPRegen  0.11/turn              (no ring)
                                (no ring)
                                (no ring)

@: mighty, invisible, very slow
A: almost no armour, stealthy swim, amphibious, 8 rings, constrict 8, camouflage
1, gelatinous body 1
a: Bend Time, Renounce Religion


You were on level 2 of the Dungeon.
You worshipped Cheibriados.
Cheibriados was noncommittal.
You were very hungry.

You visited 1 branch of the dungeon, and saw 5 of its levels.

You collected 170 gold pieces.

Inventory:

Hand Weapons
 a - a +0 short sword (weapon)
Wands
 b - a wand of flame (38)
 c - a wand of enslavement (13)
 d - a wand of random effects (15)
 j - a wand of digging (7)
Scrolls
 e - 5 scrolls of identify {unknown}
 h - 2 scrolls of blinking {unknown}
 i - 4 scrolls of remove curse {unknown}
 l - a scroll of teleportation {unknown}
 o - a scroll of enchant armour {unknown}
Potions
 g - a potion of curing {unknown}
 k - a potion of flight
 m - a potion of might
 n - a potion of invisibility
 p - a potion of lignification {unknown}
 q - a potion of heal wounds {unknown}
 r - a potion of degeneration {unknown}
Comestibles
 f - 3 rations


   Skills:
 - Level 1.0 Fighting
 - Level 1.0 Short Blades
 - Level 2.0 Dodging
 - Level 6.3 Stealth
 * Level 4.5 Unarmed Combat
 + Level 0.9 Summonings
 + Level 0.8 Air Magic
 - Level 3.2 Evocations


You had one spell level left.
You knew the following spells:

 Your Spells              Type           Power        Failure   Level  Hunger
a - Summon Lightning Spi  Summ/Air       #.......     90%         4    #####..

Your spell library contained the following spells:

 Spells                   Type           Power        Failure   Level  Hunger
 Summon Small Mammal      Summ           #...         21%         1    ##.....
 Call Imp                 Summ           #.......     30%         2    ###....
 Call Canine Familiar     Summ           #.......     52%         3    ####...
 Summon Guardian Golem    Hex/Summ       #.......     58%         3    ####...
 Summon Ice Beast         Ice/Summ       #.......     94%         4    #####..


Dungeon Overview and Level Annotations

Branches:
Dungeon (5/15)
 Temple: D:4-7

Altars:
Cheibriados
Dithmenos
Fedhas
Qazlal
Ru
Sif Muna
Trog
Uskayaw
Wu Jian
Xom

Annotations:
D:2 Robin


Innate Abilities, Weirdness & Mutations

You cannot wear most types of armour.
You are very stealthy in the water. (Stealth+)
You are amphibious.
You can wear up to eight rings at the same time.
You can use your tentacles to constrict eight enemies at once.
Your skin changes colour to match your surroundings (Stealth+).
Your rubbery body absorbs attacks. (AC +1, EV +1)


Message History

* * * LOW HITPOINT WARNING * * *
The hobgoblin misses you. The goblin closely misses you.
Okay, then.
Okay, then.
Okay, then.
Evoke which item? (* to show all) (? for menu, Esc to quit)
You don't have any such object.
Evoke which item? (* to show all) (? for menu, Esc to quit)
Okay, then.
Unknown command.
Okay, then.
It was a potion of might.
You feel very mighty all of a sudden. Robin throws the goblin at you!
The goblin hits you with a +0 dagger.
* * * LOW HITPOINT WARNING * * *
The goblin misses you. x3; The hobgoblin barely misses you.
It was a potion of invisibility.
You fade into invisibility!
The goblin closely misses you. The goblin hits you with a +0 dagger.
You die...

........#.# #.#..#
######.#### ####.....
#.##(## # #......
#)##..# #.......
#.##..# ## #......
#.###.## .. #......#
..# #.###..# ..#
######g####>#####..###
....lgg@g##..........#
.....Sgggg........##
.....gggg##.......##
.........##........#
.........##........#
.........##........#
.........##........#
.........##........#
........##........#


You could see Robin, an adder, 2 hobgoblins, 9 goblins and a frilled lizard.

Vanquished Creatures
  A water moccasin (D:5)
  An ice beast (D:5)
  2 centaur skeletons (D:4)
  An iguana (D:5)
  4 adders
  A worm (D:2)
  2 dart slugs
  3 leopard geckos
  3 orcs (D:4)
  A giant cockroach (D:2)
  5 hobgoblins
  A quokka (D:2)
  A ball python (D:5)
  A bat (D:1)
  2 frilled lizards
  5 goblins
  2 kobolds (D:1)
  2 rats
38 creatures vanquished.

Vanquished Creatures (collateral kills)
  A worker ant (D:5)
1 creature vanquished.

Grand Total: 39 creatures vanquished

Notes
Turn   | Place    | Note
-------+----------+-------------------------------------------
     0 | D:1      | Maedhros the Octopode Artificer began the quest for the
                  | Orb.
     0 | D:1      | Reached XP level 1. HP: 13/13 MP: 3/3
   143 | D:2      | Reached skill level 2 in Stealth
   143 | D:2      | Reached skill level 1 in Unarmed Combat
   143 | D:2      | Reached XP level 2. HP: 18/18 MP: 4/4
   426 | D:4      | Reached skill level 3 in Stealth
   426 | D:4      | Reached XP level 3. HP: 23/23 MP: 5/5
   433 | D:5      | Entered Level 5 of the Dungeon
   433 | D:5      | Noticed an ice beast
   478 | D:5      | Reached skill level 4 in Stealth
   478 | D:5      | Reached XP level 4. HP: 8/28 MP: 6/6
   773 | D:5      | Killed an ice beast
   773 | D:5      | Reached skill level 5 in Stealth
   773 | D:5      | Reached XP level 5. HP: 33/33 MP: 7/7
   875 | D:5      | Noticed a water moccasin
   882 | D:5      | Killed a water moccasin
   882 | D:5      | Reached skill level 6 in Stealth
   882 | D:5      | Reached XP level 6. HP: 30/38 MP: 8/8
  1125 | D:5      | Learned a level 4 spell: Summon Lightning Spire
  1198 | D:5      | Found a blossoming altar of Fedhas.
  1866 | D:4      | Found a shadowy altar of Dithmenos.
  1867 | D:4      | Found a shimmering altar of Xom.
  1868 | D:4      | Found a snail-covered altar of Cheibriados.
  1868 | D:4      | Found a bloodstained altar of Trog.
  1868 | D:4      | Found a hide-covered altar of Uskayaw.
  1869 | D:4      | Found a sacrificial altar of Ru.
  1870 | D:4      | Found an ornate altar of the Wu Jian Council.
  1871 | D:4      | Found a stormy altar of Qazlal.
  1872 | D:4      | Found a shimmering blue altar of Sif Muna.
  1876 | D:4      | Became a worshipper of Cheibriados the Contemplative
  1973 | D:1      | Found a snail-covered altar of Cheibriados.
  2220 | D:1      | You fall into a shaft and drop 1 floor!
  2325 | D:2      | Noticed Robin
  2332 | D:2      | HP: 1/38 [goblin/+0 dagger[Robin] (3)]
  2333 | D:2      | Slain by a goblin

Levels and vault maps discovered:
D:1:      mushboom_english_gardens, layout_basic, cheibriados_altar_1
D:2:      layout_basic, minmay_heptomino_o4, uniq_robin
D:3:      layout_loops_corners
D:4:      layout_basic, minitemple, hangedman_decor_lopped, uniq_natasha
D:5:      layout_layer_cave, kennysheep_mini_moat, first_ration,
          grunt_ministairs_1

Skill      XL: |  1  2  3  4  5 |
---------------+----------------+-----
Stealth        | 2 3 4 5 6 |  6.3
Unarmed Combat | 1 2 3 4 |  4.5
Fighting       | |  1.0
Short Blades   | |  1.0
Dodging        | |  2.0
Summonings     | |  0.9
Air Magic      | |  0.8
Evocations     | |  3.2

Action                   |  1- 3 |  4- 6 || total
-------------------------+-------+-------++-------
Melee: Short sword       |    28 |    49 ||    77
       Constrict         |     9 |    11 ||    20
       Tentacles         |     7 |    10 ||    17
       Punch             |     2 |     1 ||     3
Evoke: Wand              |     6 |     9 ||    15
  Use: Potion            |     1 |     2 ||     3
 Stab: Sleeping          |     5 |     4 ||     9
       Distracted        |     1 |       ||     1
  Eat: Ration            |       |     1 ||     1
Armor: Skin              |     1 |     3 ||     4
Dodge: Dodged            |    18 |    37 ||    55

Table legend:
 A = Non-vault XP
 B = Vault XP
 C = Vault XP percentage of total XP
 D = Non-vault monster count
 E = Vault monster count
 F = Vault count percentage of total count
                 A         B        C        D         E       F
            +---------+---------+-------+---------+---------+-------
      Total |     382 |     157 |  29.1 |      36 |       3 |   7.7
            +---------+---------+-------+---------+---------+-------
        D:1 |      20 |       0 |   0.0 |      12 |       0 |   0.0
        D:2 |      17 |       2 |  10.5 |       6 |       1 |  14.3
        D:3 |      18 |       0 |   0.0 |       4 |       0 |   0.0
        D:4 |     105 |       0 |   0.0 |       6 |       0 |   0.0
        D:5 |     222 |     155 |  41.1 |       8 |       2 |  20.0
            +---------+---------+-------+---------+---------+-------
